 Dungeon Crawl Stone Soup version 0.28-a0-983-g1de4e0787c (webtiles) character file.

Game seed: 16168303502244988817

322 Snarg the Poker (level 6, -2/47 HPs)
             Began as a Demonspawn Monk on Dec 2, 2021.
             Was a Priest of Kikubaaqudgha.
             Killed from afar by an orc wizard (5 damage)
             ... with a puff of flame
             ... on level 4 of the Dungeon on Dec 3, 2021.
             The game lasted 00:14:30 (5178 turns).

Snarg the Poker (Demonspawn Monk)                   Turns: 5178, Time: 00:14:30

Health: -2/47      AC:  5    Str: 14    XL:     6   Next: 22%
Magic:  5/9        EV: 13    Int: 11    God:    Kikubaaqudgha [***...]
Gold:   113        SH:  0    Dex: 15    Spells: 6/9 levels left

rFire   . . .      SeeInvis .   a - +1 spear (flame)
rCold   . . .      Faith    .   (no shield)
rNeg    . . .      Spirit   .   b - +0 robe
rPois   .          Reflect  .   (helmet restricted)
rElec   .          Harm     .   (no cloak)
rCorr   .          Rampage  .   (no gloves)
Will    .....                   (no boots)
Stlth   ++........              (no amulet)
HPRegen 0.15/turn               (no ring)
MPRegen 0.11/turn               (no ring)

@: very slightly contaminated
A: antennae 1, slimy green scales 2, ignite blood 1
a: Renounce Religion, Receive Corpses


You were on level 4 of the Dungeon.
You worshipped Kikubaaqudgha.
Kikubaaqudgha was most pleased with you.
You visited 2 branches of the dungeon, and saw 6 of its levels.

You collected 113 gold pieces.

Inventory:

Hand Weapons
 a - a +1 spear of flaming (weapon)
 c - a +0 dagger
 h - a +2 vampiric dagger
Missiles
 d - 79 stones (quivered)
 k - 2 boomerangs
 t - a throwing net
 w - 23 poisoned darts
Armour
 b - a +0 robe (worn)
Magical Staves
 r - a staff of poison
Jewellery
 q - a ring of willpower
Scrolls
 e - a scroll of brand weapon
 i - a scroll of immolation
 l - a scroll of enchant weapon
 m - 2 scrolls of identify
 o - a scroll of teleportation
 s - 2 scrolls of enchant armour {unknown}
 v - a scroll of vulnerability {unknown}
 y - a scroll of holy word {unknown}
Potions
 f - a potion of berserk rage {unknown}
 g - 2 potions of curing
 j - a potion of degeneration {unknown}
 n - a potion of brilliance {unknown}
 p - 2 potions of heal wounds {unknown}
 u - a potion of mutation {unknown}
 x - a potion of haste {unknown}
 z - a potion of flight {unknown}


   Skills:
 - Level 3.1 Fighting
 + Level 4.3 Polearms
 - Level 0.3 Throwing
 + Level 3.2 Dodging
 + Level 3.2 Stealth
 * Level 2.0 Spellcasting
 * Level 2.5 Necromancy


You had 6 spell levels left.
You knew the following spells:

 Your Spells              Type           Power      Damage    Failure   Level
a - Pain                  Necr           24%        1d5       11%         1
b - Corpse Rot            Necr/Air       6%         N/A       26%         2

Your spell library contained the following spells:

 Spells                   Type           Power      Damage    Failure   Level
 Sublimation of Blood     Necr           6%         N/A       16%         2
 Shock                    Conj/Air       4%         1d3       28%         1
 Vampiric Draining        Necr           6%         2d6       30%         3
 Dazzling Flash           Conj/Hex       2%         N/A       65%         3
 Animate Dead             Necr           3%         N/A       71%         4
 Dispel Undead            Necr           6%         3d8       71%         4
 Agony                    Necr           6%         N/A       96%         5
 Borgnjor's Vile Clutch   Necr/Erth      1%         N/A       99%         5
 Blade Hands              Tmut           0%         N/A       100%        5
 Silence                  Hex/Air        0%         N/A       100%        5
 Death Channel            Necr           3%         N/A       100%        6
 Simulacrum               Ice/Necr       1%         N/A       100%        6
 Lehudib's Crystal Spear  Conj/Erth      0%         10d2      100%        8


Dungeon Overview and Level Annotations

Branches:
Dungeon (5/15)             Temple (1/1) D:4

Altars:
Dithmenos
Elyvilon
Kikubaaqudgha
Makhleb
Nemelex Xobeh
Okawaru
Qazlal
Ru
Sif Muna
Trog
Uskayaw
Vehumet
Yredelemnul
The Shining One

Annotations:
D:1 clr
D:2 clr
D:3 clr
D:4 clr


Innate Abilities, Weirdness & Mutations

You have a pair of small antennae on your head.
You are mostly covered in slimy green scales. (AC +3)
Your demonic aura sometimes causes spilled blood to erupt in flames.


Message History

The orc wizard gestures at you while chanting.
The magic dart hits you.
* * * LOW HITPOINT WARNING * * *
Your Spellcasting skill increases to level 2!
You hit the orc wizard but do no damage.
The orc wizard is heavily wounded.
The orc wizard barely misses you.
Casting: Pain (safe; 11% risk of failure)
Confirm with . or Enter, or press ? or * to list all spells.
Aiming: Pain (safe; 11% risk of failure)
Press: ? - help, Shift-Dir - straight line, f - orc wizard
Aim: an orc wizard, wielding a +0 dagger and wearing a +0 robe (heavily wounded, chance to affect: 50%)
The orc wizard resists with significant effort.
The orc wizard casts a spell at you. The magic dart hits you.
* * * LOW HITPOINT WARNING * * *
You hit the orc wizard but do no damage.
The orc wizard is heavily wounded.
The orc wizard hits you with a +0 dagger.
* * * LOW HITPOINT WARNING * * *
Casting: Pain (safe; 11% risk of failure)
Confirm with . or Enter, or press ? or * to list all spells.
Aiming: Pain (safe; 11% risk of failure)
Press: ? - help, Shift-Dir - straight line, f/p - orc wizard
Aim: an orc wizard, wielding a +0 dagger and wearing a +0 robe (heavily wounded, chance to affect: 50%)
The orc wizard writhes in agony.
The orc wizard hits you with a +0 dagger.
* * * LOW HITPOINT WARNING * * *
Casting: Pain (safe; 11% risk of failure)
Confirm with . or Enter, or press ? or * to list all spells.
Aiming: Pain (safe; 11% risk of failure)
Press: ? - help, Shift-Dir - straight line, f/p - orc wizard
Aim: an orc wizard, wielding a +0 dagger and wearing a +0 robe (severely wounded, chance to affect: 50%)
You miscast Pain.
You are very lightly contaminated with residual magic.
Nothing appears to happen.
The orc wizard gestures at you while chanting.
The puff of flame hits you.
You die...
Kikubaaqudgha rasps: "You have failed me!
Welcome... death!"

##### ############...##
#.............#.##
#.########.##.##.########
#.# #.................#
### #.#
#.##.##.##>######.#####..
#.#
#.###.#.................#
###.#####.#
##..o########.#####..
..........# ##.@#
#####....###.
###.###########..#
#............ #
#.#†........#..#
#....####.... #
#......####.#..# #....#
#.... # #............).#
#....####.... #
##.....####....#
#.###.#.####. ##...##
###### #.# ##.#.# #.
##.## #.# #.#.## #. #.#
#.####.#.###.


You could see an orc wizard.

Vanquished Creatures
  A necrophage (D:4)
  A phantom (D:4)
  A howler monkey (D:4)
  An orc priest (D:4)
  A killer bee zombie (D:4)
  2 adders (D:3)
  An ufetubus (D:4)
  A worm (D:4)
  3 dart slugs (D:1)
  5 ball pythons
  4 endoplasms
  5 goblins
  7 hobgoblins
  A quokka (D:1)
  4 bats
  2 frilled lizards (D:1)
  9 kobolds
  4 rats
53 creatures vanquished.

Notes
Turn   | Place    | Note
-------+----------+-------------------------------------------
     0 | D:1      | Snarg the Demonspawn Monk began the quest for the Orb.
     0 | D:1      | Reached XP level 1. HP: 18/18 MP: 1/1
    79 | D:1      | Found a faded altar of an unknown god.
   111 | D:1      | Prayed at the altar of an unknown god.
   111 | D:1      | Became a worshipper of Kikubaaqudgha
   111 | D:1      | Reached * piety under Kikubaaqudgha
   111 | D:1      | Received a gift from Kikubaaqudgha
   111 | D:1      | Reached ** piety under Kikubaaqudgha
   261 | D:1      | Reached skill level 3 in Polearms
   261 | D:1      | Gained mutation: Your demonic aura sometimes causes spilled
                  | blood to erupt in flames. [demonic ancestry]
   261 | D:1      | Reached XP level 2. HP: 10/24 MP: 2/2
  1476 | D:2      | Reached *** piety under Kikubaaqudgha
  1476 | D:2      | Received a gift from Kikubaaqudgha
  1495 | D:2      | Gained mutation: You are partially covered in slimy green
                  | scales. (AC +2) [demonic ancestry]
  1495 | D:2      | Reached XP level 3. HP: 29/29 MP: 3/3
  2625 | D:3      | Reached skill level 1 in Necromancy
  2926 | D:3      | Learned a level 1 spell: Pain
  2926 | D:3      | Noticed a phantom
  3361 | D:4      | Reached skill level 1 in Spellcasting
  3361 | D:4      | Gained mutation: You have a pair of small antennae on your
                  | head. [demonic ancestry]
  3361 | D:4      | Reached XP level 4. HP: 31/35 MP: 5/5
  3379 | D:4      | Upgraded the game from 0.28-a0-973-ga7f8b01127 to
                  | 0.28-a0-983-g1de4e0787c
  3492 | D:4      | Learned a level 2 spell: Corpse Rot
  3635 | D:4      | Found a staircase to the Ecumenical Temple.
  3641 | Temple   | Entered the Ecumenical Temple
  3714 | D:4      | Noticed a necrophage
  3734 | D:4      | Killed a necrophage
  3735 | D:4      | Reached skill level 4 in Polearms
  3735 | D:4      | Reached XP level 5. HP: 4/41 MP: 5/7
  4238 | D:4      | Killed a phantom
  4239 | D:4      | Gained mutation: You are mostly covered in slimy green
                  | scales. (AC +3) [demonic ancestry]
  4239 | D:4      | Reached XP level 6. HP: 35/47 MP: 8/8
  4843 | D:4      | Found a hide-covered altar of Uskayaw.
  4928 | D:4      | Got the Collected Works on Shifting Conjuration
  5155 | D:5      | Entered Level 5 of the Dungeon
  5178 | D:4      | Killed from afar by an orc wizard

Illustrated notes

Levels and vault maps discovered:
D:1:      saegor_arrival_simple_e, layout_loops_ring,
          dreamdust_ecumenical_altar_grove, roderic_filled_cross,
          chequers_serial_rivers_room_a
D:2:      layout_loops_corners, kennysheep_generic_room_14
D:3:      layout_basic, grunt_ministairs_14
D:4:      layout_loops_ring, lemuel_tele_altar, minmay_temple_entry_arrows,
          minivault_24
D:5:      layout_layer_cave
Temple:   nicolae_temple_god_jail

Skill      XL: |  1  2  3  4  5  6 |
---------------+-------------------+-----
Polearms       | 3 4 |  4.3
Stealth        | 2 3 |  3.2
Necromancy     | 1 2 |  2.5
Spellcasting   | 1 2 |  2.0
Dodging        | 3 |  3.2
Fighting       | |  3.1
Throwing       | |  0.3

Action                   |  1- 3 |  4- 6 || total
-------------------------+-------+-------++-------
Melee: Spear             |   135 |    89 ||   224
Throw: Stone             |     6 |     3 ||     9
       Boomerang         |       |     1 ||     1
 Cast: Pain              |       |     7 ||     7
  Use: Scroll            |     5 |       ||     5
       Potion            |     1 |     1 ||     2
 Stab: Sleeping          |     9 |     5 ||    14
Armor: Robe              |    22 |    13 ||    35
Dodge: Dodged            |    51 |    36 ||    87

Table legend: (Time is in decaauts)
 A = Elapsed time spent in this place.
 B = Non-inter-level travel time spent in this place.
 C = Inter-level travel time spent in this place.
 D = Time resting spent in this place.
 E = Time spent auto-exploring this place.
 F = Levels seen in this place.
 G = Mean time per level.
                   A        B        C        D        E       F      G
               +--------+--------+--------+--------+--------+-----+--------+
         Total |   5165 |   4833 |    332 |    687 |   3505 |   6 |  860.8 |
       Dungeon |   5117 |   4797 |    320 |    687 |   3481 |   5 | 1023.4 |
        Temple |     47 |     35 |     12 |      0 |     24 |   1 |   47.0 |
               +--------+--------+--------+--------+--------+-----+--------+

Top non-repeatable levels by time:
     D:4: 1522 daAuts
     D:1: 1438 daAuts
     D:3: 1106 daAuts
     D:2: 1046 daAuts
  Temple: 47 daAuts
     D:5: 3 daAuts
